Map: Emerald City LE

Players

Credo - Winner!

  • Race: Protoss Protoss
  • League: Diamond
  • Spawn Location: 11:00

Gnorf - Winner!

  • Race: Protoss Protoss
  • League: Diamond
  • Spawn Location: 11:00

OpuS

  • Race: Protoss Protoss
  • League: Platinum
  • Spawn Location: 5:00

Sketchaphone

  • Race: Zerg Zerg
  • League: Platinum
  • Spawn Location: 5:00

VOD

Have the link to the VOD?

Description

Time

  • Played on: Feb. 15, 2019, 10:14 p.m.
  • Length: 14:30
Show
View Real Time Build Order
Export as new Build Order

Credo Protoss - Winner!

Build Orders:  

Get SALT Encoding   

  12  0:01  Probe  
  13  0:13  Probe  
  14  0:21  Pylon  
  14  0:26  Probe  
  15  0:35  Probe  
  16  0:47  Gateway  
  16  0:52  Probe  
  16  0:54  Assimilator  
  18  1:04  Probe  
  18  1:07  Assimilator  
  18  1:16  Probe  
  19  1:28  Probe  
  19  1:30  Gateway  
  20  1:37  Cybernetics Core  
  20  1:44  Probe  
  21  1:52  Pylon  
  21  1:56  Probe  
  22  2:08  Probe  
  23  2:20  Stalker  
  23  2:21  Stalker, Probe  
  28  2:28  Shield Battery  
  28  2:32  Warp Gate  
  28  2:44  Nexus  
  28  2:54  Pylon  
  28  3:03  Robotics Facility  
  28  3:08  Sentry  
  30  3:14  Probe  
  31  3:21  Pylon  
  31  3:26  Probe  
  32  3:38  Probe  
  33  3:49  Observer  
  33  3:57  Probe  
  33  3:58  Probe  
  36  4:05  Probe  
  36  4:07  Shield Battery  
  37  4:11  Probe  
  37  4:13  Pylon, Probe  
  38  4:20  Assimilator  
  38  4:23  Probe, Observer  
  41  4:25  Probe  
  41  4:27  Gateway  
  41  4:28  Gateway  
  42  4:35  Probe  
  42  4:37  Probe  
  44  4:39  Sentry  
  44  4:41  Zealot  
  48  4:47  Probe  
  48  4:49  Probe  
  50  4:59  Probe  
  51  5:01  Probe  
  52  5:18  Probe  
  52  5:19  Probe  
  54  5:23  Immortal  
  54  5:27  Robotics Bay  
  58  5:29  Gateway  
  58  5:30  Pylon  
  58  5:31  Probe x2  
  60  5:35  Zealot x2  
  60  5:41  Pylon  
  64  5:44  Nexus  
  64  5:45  Assimilator  
  64  5:49  Forge  
  64  5:50  Assimilator  
  64  5:52  Pylon  
  64  5:55  Probe  
  65  6:04  Twilight Council  
  65  6:06  Extended Thermal Lance  
  65  6:08  Robotics Facility  
  65  6:11  Probe x2  
  65  6:13  Colossus  
  73  6:29  Probe  
  74  6:33  Shield Battery  
  74  6:36  Photon Cannon  
  74  6:38  Protoss Ground Weapons Level 1  
  74  6:49  Photon Cannon  
  74  6:56  Probe  
  74  7:00  Pylon  
  75  7:02  Photon Cannon  
  75  7:07  Observer  
  76  7:12  Gateway  
  76  7:14  Gateway, Charge  
  76  7:18  Forge  
  76  7:26  Pylon  
  76  7:27  Pylon, Gateway  
  76  7:32  Templar Archives  
  76  7:35  Probe x2  
  78  7:38  Pylon  
  78  7:41  Probe  
  78  7:42  Shield Battery  
  79  7:46  Zealot  
  79  7:47  Zealot  
  83  7:56  Colossus  
  83  7:57  Immortal  
  87  8:11  Psionic Storm  
  93  8:14  High Templar  
  93  8:15  High Templar  
  97  8:28  Zealot  
  97  8:29  Zealot, Photon Cannon  
  97  8:30  Shield Battery  
  97  8:33  High Templar x2  
  105  8:35  Archon  
  76  9:04  Zealot x6  
  72  9:20  Colossus x2  
  84  9:32  Protoss Ground Weapons Level 2  
  84  9:42  Stalker  
  84  9:43  Stalker x6  
  84  9:44  Probe  
  98  9:47  Probe  
  98  9:48  Probe  
  101  9:59  Probe  
  102  10:01  Assimilator  
  102  10:08  High Templar x2  
  102  10:09  Pylon  
  102  10:10  Zealot  
  102  10:14  Pylon  
  108  10:20  Stalker x3  
  114  10:26  Blink  
  114  10:39  Immortal  
  114  10:40  Zealot x2  
  123  10:42  Probe  
  123  10:53  Forge  
  123  10:55  Forge  
  123  10:59  Pylon  
  123  11:03  Gateway  
  123  11:05  Immortal  
  123  11:08  Gravitic Boosters  
  127  11:20  High Templar  
  127  11:21  High Templar  
  131  11:32  Nexus  
  131  11:35  Pylon  
  131  11:37  Pylon  
  131  11:38  Probe  
  131  11:39  Assimilator  
  132  11:44  Assimilator  
  132  11:46  High Templar x3  
  138  11:48  Zealot x2  
  142  11:58  Archon  
  142  12:12  Probe, Photon Cannon  
  142  12:15  Gateway  
  143  12:17  High Templar x2  
  143  12:18  Zealot x4  
  155  12:24  Archon  
  155  12:31  Probe x2  
  157  12:53  Immortal x2  
  157  12:55  Gravitic Drive  
  113  13:41  Immortal  
  113  13:42  Immortal  
  115  13:59  Probe x2  
  115  14:10  Archon  
  115  14:11  Archon  
Show
View Real Time Build Order
Export as new Build Order

Gnorf Protoss - Winner!

Build Orders: 1 Gate Expand, Phoenix Opening, Carriers, Mass Phoenix 

Get SALT Encoding   

  12  0:00  Probe  
  13  0:13  Probe  
  14  0:25  Probe  
  14  0:27  Pylon  
  15  0:41  Probe  
  15  0:47  Gateway  
  15  0:49  Probe  
  17  0:57  Probe  
  17  1:00  Assimilator  
  18  1:05  Probe  
  19  1:14  Probe  
  20  1:28  Nexus  
  20  1:38  Cybernetics Core  
  20  1:44  Pylon  
  20  1:48  Probe  
  20  1:52  Assimilator  
  21  2:00  Probe  
  22  2:10  Probe  
  22  2:14  Adept  
  25  2:19  Probe  
  25  2:27  Probe  
  25  2:29  Pylon  
  27  2:43  Probe x2  
  29  2:55  Probe  
  29  2:56  Probe, Stargate  
  31  2:58  Stargate  
  31  3:01  Stalker  
  31  3:05  Assimilator  
  33  3:07  Probe  
  33  3:09  Assimilator  
  33  3:11  Probe  
  35  3:19  Protoss Air Weapons Level 1  
  36  3:20  Probe  
  36  3:23  Probe  
  37  3:32  Probe  
  38  3:35  Probe  
  39  3:41  Phoenix x2  
  39  3:44  Probe  
  44  3:57  Probe x2  
  46  4:03  Pylon  
  46  4:04  Phoenix  
  46  4:09  Probe x2  
  50  4:10  Phoenix  
  50  4:16  Pylon  
  52  4:21  Probe x2  
  54  4:32  Phoenix  
  54  4:33  Phoenix  
  58  4:49  Phoenix  
  58  4:50  Phoenix  
  58  4:56  Probe x2  
  64  5:08  Probe x2  
  64  5:13  Phoenix  
  68  5:20  Probe  
  69  5:26  Pylon  
  69  5:29  Pylon  
  69  5:44  Phoenix x2  
  73  5:51  Nexus  
  73  5:53  Shield Battery  
  73  5:55  Shield Battery  
  73  6:08  Phoenix  
  73  6:09  Phoenix  
  77  6:19  Probe x2  
  79  6:27  Shield Battery  
  79  6:31  Probe, Forge  
  79  6:32  Protoss Air Armor Level 1  
  80  6:33  Phoenix x2  
  80  6:39  Fleet Beacon  
  84  6:40  Pylon  
  84  6:42  Pylon  
  84  6:45  Probe x2  
  86  6:58  Probe x2  
  86  7:10  Probe  
  85  7:34  Probe x3  
  88  7:39  Stargate  
  88  7:42  Stargate  
  88  7:44  Photon Cannon  
  88  7:45  Assimilator  
  88  7:46  Photon Cannon, Protoss Shields Level 1, Probe  
  88  7:47  Photon Cannon, Assimilator  
  88  7:49  Photon Cannon  
  89  7:51  Photon Cannon  
  89  7:52  Carrier  
  89  7:53  Photon Cannon  
  89  7:55  Photon Cannon  
  89  7:57  Pylon  
  89  7:58  Carrier  
  101  8:14  Nexus  
  101  8:15  Pylon  
  101  8:17  Pylon  
  113  8:34  Carrier x2  
  113  9:00  Carrier  
  115  9:23  Carrier  
  121  9:27  Probe x3  
  121  9:30  Probe, Protoss Air Weapons Level 2  
  125  9:39  Probe x3  
  125  9:42  Probe  
  129  10:02  Twilight Council, Cybernetics Core  
  129  10:06  Probe x2  
  131  10:09  Photon Cannon  
  131  10:10  Photon Cannon  
  131  10:12  Photon Cannon  
  131  10:15  Probe x2  
  131  10:16  Shield Battery  
  131  10:18  Probe x2  
  131  10:20  Carrier x2  
  134  10:27  Probe, Photon Cannon x2  
  135  10:29  Carrier  
  135  10:30  Photon Cannon  
  135  10:31  Photon Cannon  
  135  10:33  Assimilator  
  135  10:34  Probe x2, Assimilator  
  155  10:36  Photon Cannon  
  155  10:37  Photon Cannon  
  155  10:39  Photon Cannon  
  149  10:51  Carrier  
  139  10:58  Protoss Air Armor Level 2  
  145  11:22  Probe x4  
  149  11:27  Carrier  
  149  11:36  Shield Battery  
  149  11:37  Shield Battery  
  155  11:40  Pylon x2  
  155  11:42  Pylon  
  155  11:45  Nexus, Pylon  
  155  11:51  Carrier x3  
  173  12:12  Protoss Shields Level 2  
  171  12:49  Void Ray x4  
  171  12:53  Pylon  
  171  12:56  Pylon  
  187  12:59  Pylon  
  187  13:01  Pylon  
  187  13:32  Void Ray  
Show
View Real Time Build Order
Export as new Build Order

OpuS Protoss 

Build Orders:  

Get SALT Encoding   

  12  0:01  Probe  
  13  0:13  Probe  
  14  0:18  Pylon  
  14  0:25  Probe  
  15  0:37  Probe  
  15  0:38  Gateway  
  16  0:48  Probe  
  17  0:55  Gateway  
  17  0:56  Probe  
  18  1:06  Probe, Assimilator  
  18  1:08  Assimilator  
  19  1:19  Probe  
  20  1:29  Cybernetics Core  
  20  1:31  Probe  
  21  1:34  Pylon  
  21  1:46  Probe  
  22  2:09  Nexus  
  22  2:12  Warp Gate  
  22  2:14  Probe  
  23  2:23  Probe  
  23  2:29  Stalker  
  26  2:44  Stalker  
  26  2:47  Probe  
  26  2:50  Forge  
  28  2:55  Probe  
  28  3:04  Pylon  
  29  3:07  Stalker  
  31  3:22  Probe  
  32  3:29  Robotics Facility  
  32  3:30  Gateway  
  32  3:34  Probe  
  32  3:36  Probe  
  34  3:43  Stalker  
  36  3:54  Shield Battery  
  36  3:59  Pylon  
  36  4:05  Photon Cannon  
  36  4:11  Photon Cannon  
  36  4:16  Observer  
  37  4:21  Probe  
  37  4:22  Probe  
  39  4:26  Shield Battery  
  39  4:34  Probe x2  
  39  4:36  Protoss Ground Weapons Level 1, Photon Cannon  
  41  4:46  Probe x2  
  43  4:58  Probe x2  
  43  4:59  Pylon  
  44  5:08  Photon Cannon  
  44  5:10  Probe x2  
  44  5:12  Photon Cannon  
  46  5:22  Probe x2  
  46  5:25  Gateway  
  46  5:28  Photon Cannon  
  48  5:32  Pylon  
  48  5:35  Probe x2  
  50  5:41  Twilight Council  
  50  5:48  Probe x2  
  52  5:51  Photon Cannon  
  52  6:01  Gateway  
  52  6:04  Immortal  
  56  6:11  Stalker  
  56  6:12  Probe  
  56  6:13  Protoss Ground Weapons Level 2, Probe  
  60  6:21  Pylon  
  60  6:25  Probe x2, Gateway  
  62  6:27  Assimilator  
  62  6:29  Stalker, Assimilator  
  64  6:37  Blink  
  64  6:39  Gateway  
  64  6:42  Gateway  
  64  6:48  Immortal  
  68  6:58  Stalker  
  68  6:59  Stalker  
  68  7:00  Stalker  
  74  7:13  Stalker x2  
  74  7:15  Immortal  
  78  7:24  Stalker  
  82  7:33  Probe  
  83  7:38  Pylon  
  83  7:39  Stalker  
  83  7:40  Pylon  
  83  7:42  Pylon  
  85  7:59  Stalker x4  
  85  8:01  Stalker  
  95  8:06  Stalker  
  97  8:19  Protoss Ground Weapons Level 3  
  97  8:44  Nexus  
  71  9:07  Stalker x5  
  71  9:08  Stalker x2  
  71  9:11  Charge  
  71  9:14  Stalker  
  71  9:16  Pylon  
  63  9:40  Stalker x3  
  69  9:46  Observer  
  69  9:49  Probe x2  
  69  9:52  Stalker  
  74  10:01  Probe  
  74  10:05  Stalker  
  77  10:14  Stalker x3  
  83  10:25  Zealot x3  
  83  10:27  Zealot  
  91  10:31  Probe  
  91  10:32  Probe x2  
  94  10:42  Templar Archives  
  57  11:00  Stalker x5  
  63  11:08  Probe x3  
  66  11:20  Probe x3  
  66  11:25  High Templar x2  
  71  11:26  High Templar x2  
  71  11:27  Stalker x2  
  71  11:30  Archon x2  
  81  11:34  Protoss Shields Level 1  
  81  11:36  Assimilator  
  81  11:38  Pylon  
  81  11:40  Assimilator  
  81  11:48  Stalker x2  
  81  11:51  Stalker  
  87  12:02  Stalker x2  
  91  12:09  Stalker  
  91  12:10  Stalker  
  91  12:12  Zealot x3  
  101  12:16  Probe x2  
  101  12:21  Gateway  
  101  12:22  Gateway  
  103  12:26  Pylon  
  97  12:42  High Templar x2  
  95  12:46  Stalker x5  
  95  12:47  Stalker  
  95  12:49  Archon  
  105  12:54  Forge  
  105  13:04  Gateway  
  105  13:06  Gateway  
  105  13:09  Pylon  
  85  13:23  Stalker x3  
  85  13:24  Stalker x3  
  85  13:25  Stalker  
  83  13:37  Stalker x3  
  77  13:48  Stalker x3  
  55  14:13  Stalker  
  55  14:14  Stalker x2  
Show
View Real Time Build Order
Export as new Build Order

Sketchaphone Zerg 

Build Orders: Hatch First 

Get SALT Encoding   

  12  0:02  Drone  
  13  0:19  Overlord  
  13  0:20  Drone  
  14  0:23  Drone, Extractor  
  15  0:37  Drone  
  16  0:43  Drone  
  17  0:58  Hatchery  
  17  1:00  Drone  
  17  1:03  Extractor  
  16  1:04  Drone  
  17  1:21  Spawning Pool  
  17  1:24  Drone  
  17  1:38  Drone  
  19  1:40  Drone  
  19  1:45  Drone  
  20  1:55  Overlord  
  20  2:07  Overlord  
  20  2:08  Queen  
  20  2:09  Queen  
  20  2:15  Metabolic Boost  
  24  2:18  Drone  
  24  2:21  Drone  
  26  2:25  Drone  
  27  2:30  Drone  
  28  2:41  Drone x2  
  31  2:44  Drone  
  31  2:49  Queen  
  31  2:50  Drone  
  34  2:54  Drone  
  35  3:08  Hatchery  
  34  3:16  Pneumatized Carapace  
  38  3:20  Drone x4  
  38  3:21  Drone  
  41  3:27  Drone x2  
  41  3:40  Overlord x2, Drone  
  42  3:59  Spore Crawler  
  42  4:00  Spore Crawler  
  40  4:06  Spore Crawler  
  40  4:07  Spore Crawler  
  40  4:09  Spore Crawler, Drone x9  
  46  4:17  Spore Crawler, Drone x2  
  46  4:20  Queen  
  46  4:21  Overlord  
  49  4:33  Roach Warren  
  49  4:36  Evolution Chamber  
  47  4:39  Evolution Chamber  
  47  4:45  Drone x4  
  50  4:47  Extractor  
  50  4:50  Spore Crawler  
  50  4:51  Spore Crawler  
  47  4:59  Lair  
  47  5:03  Zerg Missile Weapons Level 1  
  47  5:04  Drone  
  48  5:10  Drone x5  
  53  5:26  Overlord x2  
  53  5:27  Overlord  
  53  5:33  Extractor  
  52  5:36  Extractor  
  49  5:44  Drone x5  
  49  5:45  Drone  
  53  5:51  Overlord x2  
  53  5:59  Glial Reconstitution  
  53  6:00  Hydralisk Den  
  53  6:03  Hatchery  
  49  6:06  Queen  
  49  6:22  Spore Crawler  
  48  6:32  Drone  
  49  6:33  Hydralisk x8  
  65  6:40  Drone x2, Extractor  
  65  6:41  Extractor  
  65  6:42  Drone  
  65  6:43  Overlord x3  
  66  6:54  Grooved Spines  
  66  6:56  Zerg Ground Armor Level 1  
  66  7:00  Queen  
  64  7:12  Hydralisk x4  
  66  7:23  Hydralisk x2  
  70  7:30  Hydralisk  
  70  7:31  Hydralisk  
  70  7:36  Hydralisk x2  
  78  7:45  Zerg Missile Weapons Level 2  
  78  7:47  Zergling x4  
  78  7:51  Overlord x5  
  80  7:53  Overlord  
  80  8:06  Muscular Augments  
  80  8:08  Overlord  
  80  8:11  Overlord  
  80  8:12  Hydralisk x3  
  80  8:17  Hydralisk  
  86  8:24  Spore Crawler  
  86  8:25  Drone x3  
  86  8:30  Drone x2  
  85  8:44  Spore Crawler  
  81  8:49  Hydralisk x3  
  72  9:03  Zergling x16  
  72  9:06  Zergling x2  
  72  9:07  Drone  
  72  9:09  Drone  
  74  9:12  Drone x2  
  74  9:21  Drone  
  74  9:22  Drone x3  
  72  9:30  Drone x4  
  76  9:36  Drone x4  
  78  9:49  Queen  
  78  9:50  Drone x4  
  83  10:00  Drone x4  
  83  10:05  Spire  
  86  10:12  Queen  
  88  10:14  Drone x3  
  88  10:15  Drone x3  
  91  10:25  Queen, Hydralisk x4  
  98  10:28  Drone  
  99  10:36  Drone x6  
  105  10:47  Hydralisk x4  
  113  10:53  Hydralisk x4  
  107  11:01  Infestation Pit  
  106  11:23  Corruptor x7  
  120  11:26  Corruptor  
  120  11:29  Hatchery  
  121  11:40  Hive  
  121  11:41  Hatchery  
  121  11:43  Pathogen Glands  
  120  11:49  Corruptor x5  
  130  12:04  Zerg Flyer Armor Level 1  
  128  12:12  Hydralisk x4  
  136  12:19  Overlord x4  
  136  12:28  Extractor  
  136  12:29  Overlord x2, Extractor  
  134  12:30  Drone x2  
  136  12:39  Corruptor x8  
  152  12:47  Queen  
  152  12:50  Corruptor  
  152  12:51  Corruptor x2  
  156  12:53  Zergling x2  
  161  13:02  Corruptor x3  
  161  13:04  Corruptor  
  169  13:19  Zergling x10  
  178  13:20  Zergling x20  
  164  13:32  Corruptor x4  
  133  13:45  Corruptor x3  
  136  13:49  Drone x7  
  127  13:57  Corruptor  
  127  14:01  Extractor  
  122  14:04  Extractor  
  120  14:15  Extractor  
  120  14:16  Extractor  
Tags
 
Add a new tag
Caveats
  • Supply blocks, unpowered buildings, or Contaminate may cause inaccurate times.
  • Supply counts are checked every 10 seconds.